Map: Ulrena

Players

lesha - Winner!

  • Race: Terran Terran

A.I. 1 (Elite)

  • Race: Protoss Protoss

VOD

Have the link to the VOD?

Description

Time

  • Played on: Dec. 5, 2015, 9:26 a.m.
  • Length: 15:10
Show
View Real Time Build Order
Export as new Build Order

lesha Terran - Winner!

Build Orders:  

Get SALT Encoding   

  12  0:01  SCV  
  13  0:14  SCV  
  13  0:18  Supply Depot  
  14  0:26  SCV  
  15  0:39  SCV  
  15  0:40  Barracks  
  16  0:51  SCV  
  17  1:03  SCV  
  18  1:15  Command Center  
  19  1:29  Orbital Command  
  19  1:32  Marine  
  19  1:37  Refinery  
  19  1:41  Refinery  
  19  1:56  SCV  
  20  2:10  SCV  
  21  2:18  Marine  
  22  2:32  Factory  
  22  2:39  Barracks  
  22  2:43  Bunker  
  22  2:49  Supply Depot, Orbital Command  
  22  2:51  SCV  
  23  2:55  Marine  
  24  3:03  SCV  
  25  3:15  SCV  
  26  3:20  Bunker  
  26  3:24  SCV  
  27  3:27  SCV  
  28  3:35  Factory Tech Lab, Barracks Reactor  
  28  3:36  SCV  
  28  3:37  Starport, Marine  
  30  3:45  SCV  
  31  3:49  SCV  
  31  3:55  Marine  
  33  3:56  Siege Tank  
  33  3:57  SCV  
  37  4:08  SCV  
  37  4:09  SCV  
  39  4:12  Marine  
  40  4:17  Supply Depot  
  40  4:20  SCV  
  40  4:21  SCV  
  42  4:24  Engineering Bay  
  42  4:30  Marine  
  42  4:31  Supply Depot, Marine  
  43  4:32  Marine  
  43  4:34  Engineering Bay  
  43  4:35  Supply Depot  
  45  4:48  Marine  
  45  4:49  Medivac, Marine  
  49  4:55  Barracks  
  49  4:56  Terran Infantry Weapons Level 1  
  49  5:02  Refinery  
  49  5:04  Terran Infantry Armor Level 1  
  49  5:07  Barracks Tech Lab  
  49  5:10  Marine x2  
  51  5:16  SCV x2  
  53  5:28  SCV x2  
  55  5:32  Starport Reactor  
  55  5:37  Stimpack  
  55  5:38  Marine  
  55  5:39  Marine  
  55  5:40  SCV x2  
  55  5:41  Marauder  
  62  5:45  Barracks Reactor  
  62  5:48  Barracks  
  61  5:55  Supply Depot  
  61  5:56  Marine  
  62  5:58  Supply Depot  
  62  6:02  Siege Tank, Marauder  
  67  6:05  Marine  
  68  6:14  Marine  
  69  6:23  Marauder, Marine  
  72  6:34  Siege Tank  
  75  6:46  Marine x3  
  78  6:57  Marine x2  
  78  6:59  Medivac x2  
  84  7:03  Marine  
  84  7:06  Armory  
  85  7:23  Marine  
  85  7:28  Command Center  
  86  7:30  Supply Depot  
  86  7:32  Supply Depot  
  86  7:34  Supply Depot  
  86  7:35  Supply Depot  
  86  7:50  Refinery  
  86  7:52  SCV x2, Marauder, Marine x3  
  93  8:04  SCV x2  
  95  8:14  Marauder  
  95  8:15  Command Center  
  95  8:16  SCV  
  98  8:34  Barracks  
  98  8:35  Barracks  
  98  8:38  Barracks  
  98  8:41  Barracks  
  98  8:42  Supply Depot  
  98  8:43  Supply Depot, Terran Infantry Weapons Level 2, Terran Infantry Armor Level 2  
  98  8:45  Supply Depot, Marine x3  
  98  8:47  Supply Depot, Marine, Marauder  
  104  8:49  Siege Tank  
  107  9:03  Marine x3  
  107  9:05  Marine  
  107  9:08  Marauder  
  113  9:10  Orbital Command  
  112  9:21  Marine  
  80  9:52  Marine x2  
  81  9:57  Marine x7  
  81  9:58  Marine  
  89  10:00  Medivac x2  
  93  10:10  Marine x2  
  93  10:13  Refinery  
  95  10:14  Marine x2  
  95  10:15  Refinery, Marine  
  95  10:16  Marauder  
  100  10:30  Marine x3, Medivac x2  
  100  10:31  Marine x3  
  100  10:32  Marine x3  
  113  10:37  Marauder  
  115  10:46  SCV x3  
  115  10:48  Marine x4  
  115  10:49  Marine x2  
  125  10:55  Orbital Command  
  124  11:00  Medivac  
  124  11:02  SCV x2  
  124  11:03  SCV  
  129  11:07  Supply Depot  
  129  11:12  Supply Depot  
  129  11:14  SCV  
  129  11:15  SCV x2  
  129  11:17  Medivac  
  134  11:19  Barracks Reactor x2  
  134  11:20  Barracks Reactor  
  134  11:21  Barracks Tech Lab  
  134  11:22  Barracks Tech Lab  
  134  11:24  Marine x3  
  134  11:25  Marine x2  
  139  11:28  Combat Shields  
  139  11:30  Medivac  
  139  11:32  SCV x3  
  144  11:33  SCV  
  145  11:47  Supply Depot, Medivac  
  145  11:48  Command Center  
  145  11:51  Marine x3  
  145  11:52  Marine  
  145  11:53  Marauder x2  
  145  11:54  Marauder  
  157  12:00  Medivac  
  159  12:15  Marauder x2  
  163  12:19  Terran Infantry Weapons Level 3  
  163  12:20  Terran Infantry Armor Level 3  
  163  12:22  Marine x7  
  167  12:23  Marine x3  
  173  13:13  Marine  
  173  13:14  Marine x7  
  173  13:15  Marine x4  
  173  13:16  Marauder  
  173  13:17  Medivac x2  
  182  13:33  Marauder x2  
  177  13:37  Marauder  
  179  13:47  Medivac x2  
  183  13:54  Marine x7  
  183  13:55  Marine x3, Marauder x2  
  196  13:59  Marauder  
  199  14:11  Marine  
Show
View Real Time Build Order
Export as new Build Order

A.I. 1 (Elite) Protoss 

Build Orders: Mass Adepts, Zealot Archon 

Get SALT Encoding   

  12  0:01  Probe (Chrono Boost)  
  13  0:11  Probe (Chrono Boost)  
  14  0:20  Pylon  
  14  0:22  Probe (Chrono Boost)  
  15  0:38  Probe (Chrono Boost)  
  16  0:47  Assimilator  
  16  0:49  Probe (Chrono Boost)  
  17  0:51  Gateway  
  17  0:59  Probe (Chrono Boost)  
  17  1:00  Pylon  
  18  1:10  Probe (Chrono Boost)  
  19  1:20  Probe (Chrono Boost)  
  20  1:31  Probe (Chrono Boost)  
  21  1:38  Zealot  
  21  1:39  Gateway  
  21  1:42  Cybernetics Core, Probe (Chrono Boost)  
  24  1:50  Pylon  
  24  1:54  Probe (Chrono Boost)  
  25  2:04  Zealot  
  25  2:05  Probe (Chrono Boost)  
  28  2:16  Warp Gate  
  28  2:17  Probe (Chrono Boost)  
  29  2:25  Adept  
  31  2:30  Adept  
  31  2:32  Gateway  
  33  2:42  Gateway  
  33  2:51  Adept  
  33  2:56  Adept  
  33  2:57  Pylon  
  37  3:00  Probe (Chrono Boost)  
  38  3:17  Adept  
  38  3:18  Adept  
  42  3:23  Adept  
  44  3:28  Adept  
  44  3:29  Pylon  
  46  3:37  Probe (Chrono Boost)  
  47  3:46  Adept  
  47  3:47  Adept  
  51  3:49  Stalker  
  51  3:53  Stalker  
  55  4:03  Pylon  
  55  4:04  Assimilator  
  55  4:21  Stalker  
  55  4:22  Zealot  
  59  4:26  Stalker  
  61  4:31  Zealot  
  61  4:37  Pylon  
  63  4:47  Robotics Facility  
  63  4:54  Adept  
  63  4:56  Adept  
  67  5:02  Adept  
  69  5:08  Adept  
  71  5:17  Pylon  
  71  5:24  Pylon  
  71  5:32  Immortal  
  75  5:41  Stalker  
  77  5:54  Twilight Council  
  77  6:14  Pylon  
  77  6:35  Templar Archives  
  77  6:46  Nexus, Forge  
  77  7:14  High Templar  
  79  7:20  Forge  
  79  7:22  High Templar  
  79  7:26  Archon  
  81  7:37  Pylon  
  81  7:50  High Templar  
  83  8:00  Probe x2 (Chrono Boost)  
  85  8:11  Probe (Chrono Boost), Assimilator  
  85  8:12  Probe (Chrono Boost)  
  87  8:13  Assimilator  
  87  8:19  High Templar  
  89  8:22  Probe (Chrono Boost)  
  89  8:23  Probe (Chrono Boost)  
  91  8:29  Nexus  
  91  8:33  Probe (Chrono Boost)  
  93  8:34  Probe (Chrono Boost)  
  93  8:36  Archon  
  93  8:42  High Templar  
  93  8:44  Probe (Chrono Boost)  
  93  8:46  Probe (Chrono Boost)  
  97  8:55  Probe (Chrono Boost)  
  98  8:57  Probe (Chrono Boost), High Templar  
  101  9:05  Sentry  
  101  9:06  Probe (Chrono Boost)  
  101  9:08  Probe (Chrono Boost)  
  101  9:09  Pylon  
  105  9:12  Observer  
  106  9:17  Stalker  
  106  9:19  Probe x2 (Chrono Boost)  
  106  9:21  Stalker  
  112  9:27  Stalker  
  112  9:30  Pylon  
  114  9:32  Zealot  
  110  9:38  Zealot  
  110  9:44  Probe (Chrono Boost), Zealot  
  73  9:48  High Templar  
  73  9:50  Assimilator  
  73  9:51  Zealot  
  63  9:57  Zealot  
  65  10:03  Zealot  
  65  10:04  Probe (Chrono Boost)  
  65  10:06  Probe (Chrono Boost)  
  70  10:08  Probe (Chrono Boost)  
  70  10:09  Sentry  
  72  10:15  Probe (Chrono Boost), Zealot  
  72  10:18  Probe (Chrono Boost), Adept  
  78  10:22  Zealot  
  78  10:24  Probe (Chrono Boost)  
  78  10:27  Probe (Chrono Boost)  
  82  10:30  Probe (Chrono Boost)  
  82  10:31  High Templar  
  82  10:35  Zealot  
  87  10:36  Adept  
  87  10:38  Probe x2 (Chrono Boost)  
  87  10:40  Stalker  
  87  10:41  Probe (Chrono Boost), Archon  
  95  10:50  Probe (Chrono Boost)  
  95  10:52  Probe (Chrono Boost)  
  95  10:53  Probe (Chrono Boost)  
  95  10:54  Stalker  
  95  10:55  Zealot  
  101  11:00  Probe (Chrono Boost)  
  101  11:02  High Templar  
  101  11:03  Stalker  
  107  11:04  Probe (Chrono Boost)  
  107  11:06  Probe (Chrono Boost)  
  109  11:12  Immortal, Probe (Chrono Boost)  
  109  11:13  Zealot  
  109  11:15  Stalker  
  109  11:16  Probe (Chrono Boost)  
  109  11:18  Probe (Chrono Boost)  
  119  11:26  Nexus, High Templar  
  119  11:32  Stalker, Zealot  
  125  11:43  Protoss Ground Weapons Level 1  
  125  11:45  Protoss Ground Armor Level 1  
  125  11:46  Archon  
  125  11:47  High Templar  
  125  11:48  Immortal  
  125  11:50  Pylon  
  131  11:54  High Templar  
  131  11:56  Stalker  
  135  12:04  Assimilator  
  135  12:07  High Templar, Archon  
  137  12:12  Pylon  
  137  12:18  Stalker, High Templar  
  141  12:24  Adept  
  141  12:26  Immortal  
  147  12:31  Pylon  
  147  12:33  Archon  
  147  12:37  Pylon  
  147  12:38  Zealot  
  147  12:39  Stalker  
  147  12:40  Probe x2 (Chrono Boost)  
  147  12:41  Probe (Chrono Boost)  
  147  12:43  Zealot  
  157  12:49  High Templar  
  159  12:51  Probe (Chrono Boost)  
  159  12:55  Probe x2 (Chrono Boost)  
  159  12:58  Zealot  
  162  13:01  Zealot, High Templar  
  162  13:03  Probe (Chrono Boost)  
  162  13:05  Observer  
  167  13:07  Probe (Chrono Boost), Pylon  
  168  13:15  Probe (Chrono Boost)  
  168  13:17  Zealot  
  168  13:19  Nexus  
  160  13:20  Zealot  
  160  13:21  Zealot  
  160  13:24  Observer  
  123  13:29  Assimilator  
  123  13:32  Zealot  
  87  13:36  Zealot  
  87  13:39  Sentry  
  87  13:40  Probe (Chrono Boost)  
  81  13:41  Stalker  
  81  13:42  Probe (Chrono Boost)  
  81  13:43  Warp Prism  
  82  13:52  Probe (Chrono Boost), Adept  
  82  13:54  Stalker, Probe (Chrono Boost)  
  61  14:05  Stalker, Adept  
  61  14:06  Probe (Chrono Boost)  
  66  14:15  Stalker, Warp Prism  
  66  14:16  Probe (Chrono Boost)  
  68  14:18  Probe (Chrono Boost)  
  71  14:38  Probe x3 (Chrono Boost)  
  50  14:49  Probe (Chrono Boost)  
  45  14:57  Probe (Chrono Boost)  
Tags
 
Add a new tag
Caveats
  • Supply blocks, unpowered buildings, or Contaminate may cause inaccurate times.
  • Supply counts are checked every 10 seconds.